 Dungeon Crawl Stone Soup version 0.17-a0-1150-g17b0b87 (webtiles) character file.

304992 nuthulu the Shatterer (level 20, -7/195 HPs)
             Began as a Minotaur Berserker on May 27, 2015.
             Was a High Priest of Trog.
             Shot with a bolt by a yaktaur captain (18 damage)
             ... on level 5 of the Vaults.
             The game lasted 04:16:38 (36646 turns).

nuthulu the Shatterer (Minotaur Berserker)         Turns: 36646, Time: 04:16:38

Health: -7/195     AC: 22    Str: 29    XL:     20   Next: 27%
Magic:  5/5        EV: 14    Int:  6    God:    Trog [*****.]
Gold:   2882       SH: 27    Dex: 23    Spells: 0 memorised, 19 levels left

rFire  + + .     SeeInvis .     X - +10 demon whip "Sasolah" {antimagic, rC+ Dex+3}
rCold  + + +     Clarity  .     F - +0 scale mail of Hangman {rElec rF+ Regen+ Dex+3}
rNeg   + . .     SustAt   .     I - +2 large shield {rC+ rF+}
rPois  +         Gourm    +     (helmet unavailable)
rElec  +         Spirit   .     D - +1 cloak of Optimism {rPois rN+ Dex+2 Slay+3}
rCorr  .         Warding  .     i - +1 pair of gloves {Dex+3}
rMut   .         Rnd*Tele +     z - +2 pair of boots {Fly}
MR     +++..                    R - amulet of the gourmand
Stlth  +.........               e - ring "Kinyl" {+/*Tele rElec rC+ MR-}
                                r - ring "Qicih" {MR++ Int+2 Slay+4}

@: about to teleport, flying, very slightly contaminated, hasted, very quick,
extremely resistant to hostile enchantments, very unstealthy
A: retaliatory headbutt, beak, horns 3, yellow scales 1, deterioration 1, low mp
1, magic resistance 1, regeneration 1, screaming 1, MP-powered wands
a: Burn Spellbooks, Berserk, Trog's Hand, Brothers in Arms, Renounce Religion,
Stop Flying, Evoke Teleportation
}: 2/15 runes: barnacled, gossamer


You were on level 5 of the Vaults.
You worshipped Trog.
Trog was extremely pleased with you.
You were full.

You visited 6 branches of the dungeon, and saw 39 of its levels.
You also visited: Bailey.

You collected 3675 gold pieces.
You spent 793 gold pieces at shops.

Inventory:

Hand weapons
 h - a +1 antimagic demon whip
 s - a +3 flail of freezing
 v - the +3 dire flail "Hydrabane" {speed, Str+5 Int-4}
   (Trog gifted it to you on level 1 of the Orcish Mines)

   Attacks with this weapon are significantly faster.
   It affects your strength (+5).
   It affects your intelligence (-4).
 K - a +1 morningstar of holy wrath
 N - the +5 morningstar of the Rattle-Snake {crush, Dex+4}
   (Trog gifted it to you on level 1 of the Shoals)

   It inflicts extra damage upon your enemies.
   It affects your dexterity (+4).
 X - the +10 demon whip "Sasolah" (weapon) {antimagic, rC+ Dex+3}
   (Trog gifted it to you on level 7 of the Lair of Beasts)

   It disrupts the flow of magical energy around spellcasters and certain
   magical creatures (including the wielder).
   It affects your dexterity (+3).
   It protects you from cold.
Armour
 i - a +1 pair of gloves of dexterity (worn)
 z - a +2 pair of boots of flying (worn)
 D - the +1 cloak of Optimism (worn) {rPois rN+ Dex+2 Slay+3}
   (You found it on level 2 of the Vaults)

   It affects your dexterity (+2).
   It affects your accuracy and damage with ranged weapons and melee attacks
   (+3).
   It protects you from poison.
   It protects you from negative energy.
 F - the +0 scale mail of Hangman (worn) {rElec rF+ Regen+ Dex+3}
   (You found it on level 6 of the Dungeon)

   It affects your dexterity (+3).
   It protects you from fire.
   It insulates you from electricity.
   It increases your rate of regeneration.
 I - a +2 large shield of resistance (worn)
Jewellery
 e - the ring "Kinyl" (right hand) {+/*Tele rElec rC+ MR-}
   (You took it off a merfolk on level 4 of the Shoals)

   [ring of teleportation]

   It may teleport you to nearby monsters, and can be evoked to randomly
   teleport.
   It protects you from cold.
   It insulates you from electricity.
   It affects your resistance to hostile enchantments.
 r - the ring "Qicih" (left hand) {MR++ Int+2 Slay+4}
   (You found it on level 8 of the Dungeon)

   [ring of intelligence]

   It affects your intelligence (+2).
   It affects your accuracy and damage with ranged weapons and melee attacks
   (+4).
   It affects your resistance to hostile enchantments.
 Q - an uncursed ring of see invisible
 R - an amulet of the gourmand (around neck)
 T - a +5 ring of strength
Magical devices
 a - a wand of hasting (2)
 q - a wand of disintegration (22)
 G - a wand of teleportation (3)
 H - a wand of polymorph (16)
 O - a wand of random effects (22)
 P - a wand of fireball (2)
 U - a wand of polymorph (15)
 W - a wand of frost (26)
Scrolls
 b - a scroll of fear
 j - 7 scrolls of magic mapping
 m - 8 scrolls of teleportation
 n - 14 scrolls of remove curse
 o - 4 scrolls of enchant weapon
 t - a scroll of blinking
 y - 2 scrolls of identify
 L - 7 scrolls of recharging
 M - 10 scrolls of fog
 Z - 2 scrolls of brand weapon
Potions
 g - 2 potions of might
 k - a potion of poison
 l - 15 potions of curing
 p - 4 potions of agility
 u - a potion of magic
 w - 5 potions of flight
 A - 2 potions of resistance
 B - a potion of cancellation {unknown}
 C - 3 potions of haste
 E - 6 potions of brilliance
 Y - a potion of berserk rage
Comestibles
 c - 13 bread rations
 d - 47 fruits
 f - 14 meat rations
 x - 7 beef jerkies
 J - 6 slices of pizza
 S - 5 royal jellies


   Skills:
 * Level 20.4 Fighting
 * Level 23.7 Maces & Flails
 * Level 17.5 Armour
 - Level 4.6 Dodging
 + Level 21.0 Shields


You had 19 spell levels left.
You didn't know any spells.

Dungeon Overview and Level Annotations

Branches:
Dungeon (14/15)            Temple (0/1) D:4            Lair (8/8) D:11
 Shoals (4/4) Lair:6       Spider (4/4) Lair:4        Slime (0/6) Lair:6
    Orc (4/4) D:9             Elf (0/3) Orc:3        Vaults (5/5) D:14
  Crypt (0/3) Vaults:2

Altars:
Dithmenos
Fedhas
Gozag
Makhleb
Nemelex Xobeh
Okawaru
Ru
Trog
Zin
Beogh
Jiyva

Shops:
D:4 *   D:6 [   D:8 }:*   D:10 *   Orc:4 !:?(   Vaults:3 (

Portals:
Trove: Vaults:3 (show abyssal rune of Zot)


Innate Abilities, Weirdness & Mutations

You reflexively headbutt those who attack you in melee.
You have a pair of large horns on your head.
You have a beak for a mouth.
You are partially covered in yellow scales (AC +2).
Your body sometimes deteriorates upon taking damage.
Your magical capacity is low (-10% MP).
You are resistant to hostile enchantments.
Your natural rate of healing is unusually fast.
You occasionally shout uncontrollably at your foes.
You expend magic power (3 MP) to strengthen your wands.


Message History

You see here 2 bolts.
Unknown command.
Unknown command.
Read which item? (? for menu, Esc to quit)
Blink to where?
Press: ? - help, Dir - move target cursor
As you read the scroll of blinking, it crumbles to dust.
You're wearing all the rings you can.
Remove which one? (? for menu, Esc to cancel) < or
r - the ring "Qicih" {MR++ Int+2 Slay+4} > or
T - a +5 ring of strength You remove your +5 ring of strength.
You feel weaker.
You feel slightly jumpy.
e - the ring "Kinyl" (right hand) {+/*Tele rElec rC+ MR-} Read which item? (? for menu, Esc to quit)
As you read the scroll of teleportation, it crumbles to dust.
You feel strangely unstable.
The yaktaur captain shoots a bolt.
The bolt hits you!!
You die...

. ##..#.p#
.).#c.#
....#(C#
...###.c#
#(.# #..#
#..# #..#
#@.# #..#
...## #..#
......###..#
........#..#
#.......#..#
#......#..#
#.....#..#
#....#..#


You could see 2 yaktaur captains and an ettin.

Vanquished Creatures
  Saint Roka (Vaults:2)
  Xtahua (Vaults:2)
  Arachne (Spider:4)
  Jorgrun (Vaults:3)
  2 tentacled monstrosities
  Rupert (Lair:7)
  3 krakens
  Gastronok (D:12)
  A sphinx (Vaults:5)
  Agnes (Spider:4)
  Frances (Spider:1)
  Ilsuiw (Shoals:4)
  A frost giant (Vaults:5)
  3 emperor scorpions
  3 ghost moths
  15 vault wardens
  2 very ugly things (Vaults:2)
  9 ironheart preservers
  8 stone giants
  A deep elf demonologist (Vaults:3)
  3 rakshasas (Vaults:1)
  Azrael (D:14)
  2 deep elf annihilators (Vaults:3)
  A deep elf death mage (Vaults:5)
  4 merfolk javelineers (Shoals:4)
  Snorg (Lair:7)
  An ettin (Vaults:2)
  A fire dragon (Vaults:3)
  9 merfolk impalers
  A great orb of eyes (Vaults:2)
  8 yaktaur captains
  An ice dragon (Vaults:3)
  25 vault guards
  4 hydras
  Harold (D:12)
  An entropy weaver (Spider:3)
  An ice dragon (shapeshifter) (Vaults:1)
  10 ogre magi
  5 merfolk avatars
  2 deep troll earth magi
  9 merfolk aquamancers
  2 deep troll shamans
  3 death yaks (Lair:5)
  3 satyrs (Shoals:3)
  4 centaur warriors
  A salamander stormcaller (Vaults:1)
  The ghost of nuthulu the Basher, an experienced MiBe of Trog (D:7)
  4 deep elf knights
  15 deep trolls
  8 sea snakes
  4 unseen horrors
  A deep elf summoner (Vaults:3)
  2 wizards
  A giant orange brain (Vaults:3)
  7 orc knights
  A lindwurm (Lair:7)
  3 hill giants
  10 ironbrand convokers
  11 orb spiders
  A wolf spider (shapeshifter) (Vaults:2)
  7 hornets
  2 orc sorcerers
  2 deep elf conjurers (Vaults:3)
  6 harpies (Shoals:4)
  22 wolf spiders
  2 moths of wrath
  5 cyclopes
  6 fauns
  31 ugly things
  13 griffons
  4 water nymphs
  7 manticores
  7 drowned souls (Shoals:1)
  An octopode (shapeshifter) (Vaults:1)
  4 black mambas
  Joseph (D:7)
  9 vault sentinels
  4 elephants
  16 spiny frogs
  13 sirens
  4 torpor snails
  A centaur skeleton (D:10)
  7 komodo dragons
  23 yaktaurs
  3 fire drakes
  25 jumping spiders
  A human skeleton (Vaults:5)
  A tengu conjurer (D:10)
  5 demonic crawlers
  4 freezing wraiths
  2 spriggan druids (Lair:8)
  23 merfolk
  9 blink frogs
  2 trolls
  6 polar bears (Lair:8)
  A two-headed ogre (shapeshifter) (Vaults:5)
  Grinder (D:3)
  Prince Ribbit (D:8)
  A wind drake (Shoals:4)
  The ghost of Virusyak the Bolt Thrower, an average FoHu (D:4)
  16 two-headed ogres
  A queen bee (Lair:5)
  8 snapping turtles
  12 slime creatures
  4 boulder beetles
  10 water elementals
  52 redbacks
  Sigmund (D:3)
  2 ravens (D:10)
  12 spriggans (Lair:8)
  17 tarantellas
  5 deep elf fighters
  12 trapdoor spiders
  4 wyverns (Lair:7)
  A vampire (D:14)
  42 yaks
  3 deep elf magi
  7 basilisks
  4 wraiths
  Eustachio (D:4)
  A steam dragon (Lair:8)
  Grum (D:8)
  A hog (shapeshifter) (Vaults:2)
  5 mottled dragons
  10 hippogriffs
  A fire elemental (D:14)
  2 hungry ghosts
  10 vampire mosquitoes
  31 wolves
  15 porcupines
  4 wargs
  2 swamp drakes (Lair:8)
  3 sky beasts
  A soldier ant (D:12)
  20 water moccasins
  32 orc warriors
  3 ice beasts
  2 phantoms
  8 wasps
  8 hell hounds
  33 ogres
  13 spiders
  10 black bears
  5 boggarts
  11 centaurs
  13 crocodiles
  Blork the orc (Orc:4)
  26 giant frogs
  2 wyvern skeletons
  4 scorpions
  Dowan (D:7)
  A water moccasin skeleton (D:5)
  10 wights
  15 killer bees (Lair:5)
  5 crimson imps
  2 electric eels (Spider:3)
  A quasit (D:12)
  2 centaur zombies
  9 hounds
  3 giant frog skeletons
  5 iguanas
  20 orc priests
  7 jellies
  33 orc wizards
  7 worker ants
  A killer bee zombie (D:8)
  20 sheep
  A human simulacrum (D:12)
  3 gnolls (D:8)
  8 adders
  47 river rats
  2 shadow imps (D:12)
  An adder zombie (D:6)
  An adder skeleton (D:7)
  6 worms
  5 giant geckos
  224 orcs
  5 ball pythons
  25 goblins
  26 hobgoblins
  15 jackals
  4 quokkas
  18 bats
  6 giant cockroaches
  3 giant newts
  10 kobolds
  20 rats
  2 butterflies (Lair:3)
  A fungus (Lair:4)
  11 tentacles
1591 creatures vanquished.

Vanquished Creatures (collateral kills)
  A bone dragon (Vaults:2)
  2 titans (Vaults:5)
  A vault warden (Vaults:2)
  4 emperor scorpions (Spider:4)
  2 ironheart preservers
  2 ettins
  3 merfolk javelineers (Shoals:4)
  3 merfolk impalers
  3 vault guards
  A hydra (Lair:7)
  Erica (D:8)
  A death yak (Lair:5)
  Erolcha (D:11)
  A merfolk avatar (Shoals:4)
  2 ogre magi (Orc:4)
  4 merfolk aquamancers (Shoals:4)
  An anaconda (Lair:4)
  A deep troll (Vaults:2)
  2 sea snakes (Shoals:4)
  5 wolf spiders (Spider:4)
  A wizard (Vaults:1)
  2 ugly things (Vaults:1)
  4 orb spiders (Spider:4)
  2 elephants (Lair:7)
  A water nymph (Shoals:1)
  A manticore (Shoals:4)
  2 sirens
  2 black mambas (Lair:4)
  2 vault sentinels
  2 hornets (Spider:4)
  The ghost of Fluffy the Skirmisher, an experienced MiFi of Okawaru (D:8)
  2 yaktaurs
  2 demonic crawlers (Spider:4)
  5 merfolk
  8 two-headed ogres (Orc:4)
  A freezing wraith (Vaults:1)
  3 trapdoor spiders (Spider:4)
  A yak (Lair:5)
  2 water elementals (Shoals:1)
  4 redbacks (Spider:4)
  A tarantella (Spider:4)
  2 vampire mosquitoes (Vaults:1)
  2 hippogriffs (Lair:7)
  A basilisk (Lair:7)
  A water moccasin (Lair:5)
  A mottled dragon (D:11)
  4 spiders (Spider:4)
  An orc warrior (D:11)
  16 ogres (Orc:4)
  A phantom (D:11)
  A crocodile (Lair:7)
  A quasit (D:11)
  A gnoll shaman (D:8)
  An adder (D:8)
  3 gnolls (D:8)
  A giant gecko (D:8)
  4 orcs (D:11)
131 creatures vanquished.

Vanquished Creatures (others)
  A stone giant (Spider:4)
  A shadow wraith (Vaults:1)
  2 iron trolls
  A deep troll (Vaults:5)
  A hill giant (Vaults:1)
  5 drowned souls
  A troll (Vaults:5)
  A lost soul (Vaults:5)
  A human simulacrum (D:12)
  4 fungi
  A plant (Shoals:4)
  9 tentacles
  364 tentacle segments
392 creatures vanquished.

Grand Total: 2114 creatures vanquished

Notes
Turn   | Place    | Note
--------------------------------------------------------------
     0 | D:1      | nuthulu the Minotaur Berserker began the quest for the Orb.
     0 | D:1      | Reached XP level 1. HP: 19/19 MP: 0/0
    71 | D:1      | Reached skill level 4 in Maces & Flails
    81 | D:1      | Reached XP level 2. HP: 17/27 MP: 1/1
   730 | D:1      | Gained mutation: You are resistant to hostile enchantments. [potion of mutation]
   730 | D:1      | Gained mutation: You occasionally shout uncontrollably at your foes. [potion of mutation]
   730 | D:1      | Gained mutation: You expend magic power (3 MP) to strengthen your wands. [potion of mutation]
   731 | D:1      | Gained mutation: You are weak. (Str -2) [potion of mutation]
   731 | D:1      | Gained mutation: Your body sometimes deteriorates upon taking damage. [potion of mutation]
   950 | D:1      | Acquired Trog's second power
  1058 | D:1      | Reached XP level 3. HP: 33/33 MP: 2/2
  1801 | D:2      | Reached XP level 4. HP: 41/41 MP: 3/3
  2732 | D:3      | Gained mutation: Your natural rate of healing is unusually fast. [potion of mutation]
  2732 | D:3      | Gained mutation: You have sharp toenails. [potion of mutation]
  2770 | D:3      | Reached skill level 5 in Maces & Flails
  2770 | D:3      | Reached XP level 5. HP: 37/47 MP: 4/4
  2965 | D:3      | Noticed Sigmund
  2979 | D:3      | Killed Sigmund
  2979 | D:3      | Reached skill level 5 in Fighting
  2979 | D:3      | Reached XP level 6. HP: 56/56 MP: 5/5
  3066 | D:3      | Noticed a moth of wrath
  3069 | D:3      | Found a bloodstained altar of Trog.
  3178 | D:3      | Noticed Grinder
  3188 | D:3      | Killed Grinder
  3188 | D:3      | Reached skill level 6 in Maces & Flails
  3188 | D:3      | Reached skill level 5 in Armour
  3188 | D:3      | Reached XP level 7. HP: 61/61 MP: 6/6
  3886 | D:4      | Found a staircase to the Ecumenical Temple.
  3938 | D:4      | Acquired Trog's third power
  4095 | D:4      | Reached skill level 1 in Shields
  4219 | D:4      | Noticed Virusyak's ghost (average FoHu)
  4227 | D:4      | Killed Virusyak's ghost
  4371 | D:4      | Noticed Eustachio
  4393 | D:4      | Killed Eustachio
  4393 | D:4      | Reached skill level 7 in Maces & Flails
  4393 | D:4      | Reached XP level 8. HP: 71/71 MP: 7/7
  4478 | D:4      | Found Wastrev's Assorted Antiques.
  4486 | D:4      | Bought a scroll labeled JOMNUNG ZOASY for 26 gold pieces
  4693 | D:5      | Entered Level 5 of the Dungeon
  4948 | D:5      | Found an iron altar of Okawaru.
  5803 | D:5      | Found a bloodstained altar of Trog.
  5803 | D:5      | Found an opulent altar of Gozag.
  5804 | D:5      | Found a glowing silver altar of Zin.
  5941 | D:6      | Reached skill level 8 in Maces & Flails
  5966 | D:6      | Found Deschur's Armour Shop.
  6013 | D:6      | Reached skill level 5 in Shields
  6060 | D:6      | Reached XP level 9. HP: 68/79 MP: 8/8
  6124 | D:6      | Found a blossoming altar of Fedhas.
  6124 | D:6      | Found a sparkling altar of Nemelex Xobeh.
  6187 | D:6      | Got an encrusted scale mail
  6188 | D:6      | Identified the cursed +0 scale mail of Hangman {rElec rF+ Regen+ Dex+3} (You found it on level 6 of the Dungeon)
  6422 | D:7      | Noticed Joseph
  6436 | D:7      | Killed Joseph
  6464 | D:7      | Noticed nuthulu's ghost (experienced MiBe)
  6639 | D:7      | Noticed Dowan
  6644 | D:7      | Killed Dowan
  6779 | D:7      | Reached skill level 9 in Maces & Flails
  7323 | D:7      | Killed nuthulu's ghost
  7456 | D:8      | Noticed Grum
  7467 | D:8      | Reached XP level 10. HP: 90/90 MP: 5/9
  7471 | D:8      | Killed Grum
  7507 | D:8      | Reached skill level 10 in Maces & Flails
  7515 | D:8      | Gained mutation: Your magical capacity is low (-10% MP). [potion of mutation]
  7515 | D:8      | Gained mutation: Scrolls take you a little longer to read. [potion of mutation]
  7516 | D:8      | Gained mutation: You are partially covered in yellow scales (AC +2). [potion of mutation]
  7516 | D:8      | Lost mutation: You are weak. (Str -2) [potion of mutation]
  7524 | D:8      | Found Vueku's General Store.
  7536 | D:8      | Bought a potion of mutation for 37 gold pieces
  7537 | D:8      | Lost mutation: Scrolls take you a little longer to read. [potion of mutation]
  7537 | D:8      | Lost mutation: You have sharp toenails. [potion of mutation]
  7537 | D:8      | Gained mutation: You have a beak for a mouth. [potion of mutation]
  7566 | D:8      | Noticed Erica
  7575 | D:8      | Killed Erica
  7597 | D:8      | Noticed Fluffy's ghost (experienced MiFi)
  7608 | D:8      | Killed Fluffy's ghost
  7688 | D:8      | Got a pitted jade ring
  7689 | D:8      | Identified the ring "Qicih" {MR++ Int+2 Slay+4} (You found it on level 8 of the Dungeon)
  7711 | D:8      | Noticed a five-headed hydra
  7722 | D:8      | Killed a five-headed hydra
  7946 | D:8      | Found Caprogavouw's Book Emporium.
  8004 | D:8      | Found Xofi's Gadget Shoppe.
  8121 | D:8      | Noticed Prince Ribbit
  8144 | D:8      | Killed Prince Ribbit
  8189 | D:8      | Received a gift from Trog
  8264 | D:9      | Reached skill level 10 in Armour
  8434 | D:9      | Found a staircase to the Orcish Mines.
  8481 | D:9      | Found a shadowy altar of Dithmenos.
  8503 | D:9      | Reached skill level 11 in Maces & Flails
  8819 | D:10     | Entered Level 10 of the Dungeon
  8859 | D:10     | Reached skill level 10 in Fighting
  8923 | D:10     | Found Kuulyazi's Assorted Antiques.
  8926 | D:10     | Bought a pair of embroidered boots for 130 gold pieces
  8971 | D:10     | Found a burning altar of Makhleb.
  9108 | D:10     | Reached XP level 11. HP: 100/100 MP: 8/8
  9609 | D:11     | Found a staircase to the Lair.
  9685 | D:11     | Reached skill level 12 in Maces & Flails
  9704 | D:11     | Reached skill level 10 in Shields
  9741 | D:11     | Noticed Erolcha
  9751 | D:11     | Killed Erolcha
  9770 | D:11     | Received a gift from Trog
 10568 | Lair:1   | Entered Level 1 of the Lair of Beasts
 10988 | Lair:1   | Received a gift from Trog
 11936 | Lair:2   | Reached skill level 13 in Maces & Flails
 12435 | Lair:3   | Reached XP level 12. HP: 85/110 MP: 9/9
 13280 | Lair:4   | Received a gift from Trog
 13437 | Lair:4   | Found a frozen archway.
 13444 | Lair:4   | Reached skill level 14 in Maces & Flails
 13492 | Lair:4   | Found a hole to the Spider Nest.
 13883 | Lair:4   | Noticed an anaconda
 13895 | Lair:4   | Killed an anaconda
 14845 | Lair:5   | Reached XP level 13. HP: 108/119 MP: 10/10
 14978 | Lair:5   | Received a gift from Trog
 15806 | Lair:6   | Found a staircase to the Slime Pits.
 15806 | Lair:6   | Found a viscous altar of Jiyva.
 16074 | Lair:6   | Found a staircase to the Shoals.
 16877 | Lair:7   | Reached skill level 15 in Maces & Flails
 16935 | Lair:7   | Received a gift from Trog
 16941 | Lair:7   | Got a fine demon whip {god gift}
 16978 | Lair:7   | Identified the +10 demon whip "Sasolah" {antimagic, rC+ Dex+3} (Trog gifted it to you on level 7 of the Lair of Beasts)
 17098 | Lair:7   | Noticed Snorg
 17109 | Lair:7   | Killed Snorg
 17600 | Lair:7   | Noticed Rupert
 17613 | Lair:7   | Killed Rupert
 17613 | Lair:7   | Reached XP level 14. HP: 132/132 MP: 3/11
 17664 | Lair:8   | Entered Level 8 of the Lair of Beasts
 17705 | Lair:8   | Received a gift from Trog
 18095 | Lair:8   | Reached skill level 15 in Shields
 18153 | Lair:8   | Received a gift from Trog
 18180 | Lair:8   | Identified a scroll of acquirement
 18528 | Lair:8   | Reached skill level 16 in Maces & Flails
 19048 | Orc:1    | Entered Level 1 of the Orcish Mines
 19291 | Orc:1    | Received a gift from Trog
 19294 | Orc:1    | Got a scorched dire flail {god gift}
 19297 | Orc:1    | Identified the +3 dire flail "Hydrabane" {speed, Str+5 Int-4} (Trog gifted it to you on level 1 of the Orcish Mines)
 19952 | Orc:3    | Found a flagged portal.
 19994 | Bailey   | Entered a bailey
 20065 | Orc:3    | Received a gift from Trog
 20126 | Orc:3    | Found a staircase to the Elven Halls.
 20633 | Orc:4    | Entered Level 4 of the Orcish Mines
 20765 | Orc:4    | Noticed Blork the orc
 20777 | Orc:4    | Reached skill level 15 in Fighting
 20781 | Orc:4    | Killed Blork the orc
 20888 | Orc:4    | Received a gift from Trog
 20894 | Orc:4    | Found a roughly hewn altar of Beogh.
 21010 | Orc:4    | Found Boshos's Weapon Shoppe.
 21010 | Orc:4    | Found Xofos's Book Shop.
 21010 | Orc:4    | Found Tecs's Magic Scroll Shop.
 21010 | Orc:4    | Found Sots's Distillery.
 21020 | Orc:4    | Bought a potion of heal wounds for 60 gold pieces
 21020 | Orc:4    | Bought 2 potions of heal wounds for 120 gold pieces
 21020 | Orc:4    | Bought a potion of beneficial mutation for 420 gold pieces
 21020 | Orc:4    | Gained mutation: You have a pair of large horns on your head. [potion of beneficial mutation]
 21311 | Orc:4    | Received a gift from Trog
 21747 | Shoals:1 | Entered Level 1 of the Shoals
 22004 | Spider:1 | Entered Level 1 of the Spider Nest
 22141 | Spider:1 | Reached XP level 15. HP: 141/141 MP: 4/12
 22415 | Spider:1 | Noticed an emperor scorpion
 22432 | Spider:1 | Killed an emperor scorpion
 22642 | Spider:1 | Noticed Frances
 22658 | Spider:1 | Killed Frances
 23054 | Spider:2 | Reached skill level 17 in Maces & Flails
 23107 | Spider:2 | Received a gift from Trog
 24539 | Spider:4 | Entered Level 4 of the Spider Nest
 24539 | Spider:4 | Noticed Arachne
 24555 | Spider:4 | Killed Arachne
 24725 | Spider:4 | Noticed Agnes
 24732 | Spider:4 | Killed Agnes
 24732 | Spider:4 | Reached skill level 18 in Maces & Flails
 24763 | Spider:4 | Received a gift from Trog
 24763 | Spider:4 | Reached XP level 16. HP: 89/151 MP: 4/13
 24787 | Spider:4 | Got an ancient hand crossbow {god gift}
 24788 | Spider:4 | Identified the +7 hand crossbow "Bereirhi" {venom, +Fly rElec Str+2 Dex+2} (Trog gifted it to you on level 4 of the Spider Nest)
 25347 | Spider:4 | Got a gossamer rune of Zot
 25572 | D:12     | Noticed Gastronok
 25607 | D:12     | Killed Gastronok
 25607 | D:12     | Received a gift from Trog
 25725 | D:12     | Noticed Harold
 25750 | D:12     | Killed Harold
 26371 | D:13     | Reached skill level 15 in Armour
 27262 | Shoals:1 | Reached skill level 19 in Maces & Flails
 27679 | Shoals:1 | Received a gift from Trog
 27844 | Shoals:1 | Received a gift from Trog
 27887 | Shoals:1 | Got a crude morningstar {god gift}
 27888 | Shoals:1 | Identified the +5 morningstar of the Rattle-Snake {crush, Dex+4} (Trog gifted it to you on level 1 of the Shoals)
 28924 | Shoals:3 | Reached XP level 17. HP: 162/162 MP: 4/14
 29698 | Shoals:4 | Entered Level 4 of the Shoals
 29774 | Shoals:4 | Received a gift from Trog
 29862 | Shoals:4 | Reached skill level 20 in Maces & Flails
 30205 | Shoals:4 | Received a gift from Trog
 30579 | Shoals:4 | Noticed Ilsuiw
 30596 | Shoals:4 | Killed Ilsuiw
 30659 | Shoals:4 | Got a scintillating granite ring
 30670 | Shoals:4 | Identified the ring "Kinyl" {+/*Tele rElec rC+ MR-} (You took it off a merfolk on level 4 of the Shoals)
 30872 | Shoals:4 | Got a barnacled rune of Zot
 31342 | D:14     | Noticed Azrael
 31360 | D:14     | Killed Azrael
 31413 | D:14     | Found a sacrificial altar of Ru.
 31548 | D:14     | Found a gate to the Vaults.
 31550 | D:14     | Received a gift from Trog
 31559 | Vaults:1 | Entered Level 1 of the Vaults
 31879 | Vaults:1 | Reached XP level 18. HP: 173/173 MP: 5/15
 31928 | Vaults:1 | Reached skill level 21 in Maces & Flails
 32459 | Vaults:1 | Received a gift from Trog
 33110 | Vaults:2 | Noticed Xtahua
 33159 | Vaults:2 | Killed Xtahua
 33292 | Vaults:2 | Received a gift from Trog
 33458 | Vaults:2 | Reached skill level 22 in Maces & Flails
 33912 | Vaults:2 | Noticed Saint Roka
 33918 | Vaults:2 | Noticed a bone dragon
 33940 | Vaults:2 | Killed Saint Roka
 33945 | Vaults:2 | Killed a bone dragon
 33945 | Vaults:2 | Reached XP level 19. HP: 126/183 MP: 5/16
 34006 | Vaults:2 | Found a staircase to the Crypt.
 34122 | Vaults:2 | Received a gift from Trog
 34366 | Vaults:2 | Got a dazzling cloak
 34367 | Vaults:2 | Identified the +1 cloak of Optimism {rPois rN+ Dex+2 Slay+3} (You found it on level 2 of the Vaults)
 34794 | Vaults:3 | Found a magical portal.
 34995 | Vaults:3 | Noticed Jorgrun
 35005 | Vaults:3 | Killed Jorgrun
 35170 | Vaults:3 | Found Ufirgh's Weapon Emporium.
 35272 | Vaults:3 | Found a portal to a secret trove of treasure.
 35393 | Vaults:3 | Received a gift from Trog
 35640 | Vaults:3 | Reached skill level 23 in Maces & Flails
 35897 | Vaults:5 | Entered Level 5 of the Vaults
 36091 | Vaults:4 | Received a gift from Trog
 36278 | Vaults:4 | Reached XP level 20. HP: 155/193 MP: 5/17
 36350 | Vaults:5 | Noticed an ancient lich
 36642 | Vaults:5 | HP: 9/195 [yaktaur captain/bolt (43)]
 36646 | Vaults:5 | Shot with a bolt by a yaktaur captain

Vault maps used:
D:1:      minmay_arrival_diagonal_passages
D:2:      lemuel_upstairs_altar
D:3:      hex_medium, tgw_trog, uniq_sigmund, uniq_grinder
D:4:      temple_green, serial_shops, shop, uniq_eustachio
D:5:      okawaru_ov_weapons_minmay, gammafunk_temple_overflow_claw, first_bread
D:6:      gammafunk_temple_overflow_pools, serial_shops, shop
D:7:      uniq_joseph, uniq_duvessa
D:8:      serial_shops, shop, shop, shop, uniq_prince_ribbit1, uniq_grum,
          uniq_erica
D:9:      overflow_temple_1_default, david_orc_2
D:10:     serial_shops, kennysheep_mini_moat, grunt_tengu_nest,
          minmay_misc_feat_plants, hangedman_abyss_or_decor_passed,
          bloody_makhleb
D:11:     david_lair_generic, uniq_erolcha
D:12:     bh_circular_ruins, uniq_gastronok, uniq_harold
D:14:     david_vaults_1, nicolae_ru_sacrificial_ziggurat,
          hangedman_glass_garden, uniq_azrael
Lair:1:   minmay_holes, small_statue_intersection
Lair:2:   hibernation_bobbens
Lair:3:   serial_bayou_shore_b, lemuel_fruit_fields
Lair:4:   beast_lair_carwin_large_2, spider_nest_entry_web_field,
          portal_ice_cave_entry_pillars_01, lemuel_fruit_fields,
          lemuel_fruit_fields, lemuel_fruit_tree
Lair:5:   special_room, grunt_megastairs_4, serial_bayou_shore_b
Lair:6:   elwin_shoals_entry_rooms, slime_altar_1
Lair:7:   special_room, infiniplex_staircase_pool_2, grunt_megastairs_2,
          uniq_snorg, uniq_rupert
Lair:8:   minmay_lair_end_enchanted_forest, guppyfry_lair_drakes
Shoals:1: nicolae_shoals_aquamancer_cove
Shoals:4: shoals_end_hangedman, shoal_ilsuiw
Spider:1: uniq_frances
Spider:3: nicolae_spider_circle_web, spider_trap
Spider:4: guppyfry_spider_rune, uniq_agnes, uniq_arachne
Orc:3:    enter_bailey_5, nicolae_orc_pool_cavern
Orc:4:    st_orc_ogre_mass, basic_altar, sword_in_stone
Vaults:1: v_misc_22, v_rooms_6, vaults_room_pools, hangedman_vaults_impose,
          vaults_room_stairs_pillars, v_misc_22, grunt_vaults_hallway_short,
          nicolae_vaults_little_ls, hangedman_vaults_locks, v_misc_2, v_misc_10,
          nicolae_vaults_windows_and_doors_thing,
          ontoclasm_vaults_loading_screen
Vaults:2: v_misc_19, hangedman_vaults_stagger, minmay_crypt_entry_nasty_monster,
          ontoclasm_vaults_shuriken, grunt_vaults_swirl, vaults_mumra_minichess,
          nicolae_vaults_little_squares_1,
          vaults_standard_mumra_enter_the_diamond,
          nicolae_vaults_little_squares_2, vaults_room_grunt_arrival_ludios,
          nicolae_vaults_display_case, vaults_room_hallway,
          grunt_vaults_hallway_long, uniq_saint_roka, uniq_xtahua
Vaults:3: nicolae_vaults_twisting_passages, v_misc_28,
          nicolae_vaults_diagonal_hallway_6, v_misc_5, grunt_vaults_bifocal,
          v_alt_pattern_6, hangedman_vaults_nails,
          nicolae_vaults_border_crossing, vaults_room_pool,
          infiniplex_enter_wizlab_glasses, serial_shops,
          nicolae_shop_window_shopping, nicolae_trove_entry_free_sample,
          uniq_jorgrun
Vaults:4: vaults_dpeg_cross, hangedman_vaults_stitches,
          nicolae_vaults_sealed_display, vaults_dpeg_ring,
          grunt_vaults_diagonal, v_pattern_5, ontoclasm_vaults_gateway,
          nicolae_vaults_diagonal_hallway_8, nicolae_vaults_alarming,
          ontoclasm_vaults_claustrophobia, dpeg_vaults_monster_row,
          vaults_standard_mumra_x, vaults_room_stairs_pillars
Bailey:   bailey_polearm_4, bailey

Action                   |  1- 3 |  4- 6 |  7- 9 | 10-12 | 13-15 | 16-18 | 19-21 || total
-------------------------+-------+-------+-------+-------+-------+-------+-------++-------
Melee: Mace              |    93 |    67 |       |       |       |       |       ||   160
       Flail             |       |    40 |   350 |   588 |   221 |       |       ||  1199
       Demon whip        |       |       |       |       |  1005 |  1255 |   469 ||  2729
Invok: Berserk           |     1 |     2 |     5 |     1 |     1 |       |     4 ||    14
       Burn Spellbooks   |       |       |     1 |     1 |     1 |     2 |       ||     5
       Brothers in Arms  |       |       |       |     4 |     8 |    11 |     5 ||    28
Evoke: Wand              |       |       |     1 |       |       |     1 |       ||     2
  Use: Potion            |     6 |     3 |     7 |     7 |     9 |     1 |     6 ||    39
       Scroll            |     7 |     3 |     8 |    13 |    14 |    10 |     7 ||    62
 Stab: Distracted        |       |       |       |       |     1 |     1 |       ||     2
       Fleeing           |       |       |       |       |       |     1 |       ||     1
  Eat: Chunk             |     4 |     6 |    15 |     9 |     8 |     9 |    15 ||    66
       Royal jelly       |       |       |     1 |     1 |     2 |     1 |       ||     5
       Fruit             |       |       |     1 |     9 |     4 |     6 |       ||    20
       Meat ration       |       |       |     1 |       |     2 |     2 |       ||     5
       Bread ration      |       |       |       |     1 |     2 |     1 |       ||     4
       Beef jerky        |       |       |       |       |     1 |     2 |       ||     3
